 Dungeon Crawl Stone Soup version 0.21.1-1-g345015f (webtiles) character file.

79 prawnwizard the Sneak (level 4, -1/21 HPs)
             Began as a Spriggan Enchanter on June 27, 2018.
             Slain by Natasha (8 damage)
             ... on level 2 of the Dungeon.
             The game lasted 00:06:31 (2235 turns).

prawnwizard the Sneak (Spriggan Enchanter)          Turns: 2235, Time: 00:06:31

Health: -1/21      AC:  2    Str:  4    XL:     4   Next: 17%
Magic:  10/10      EV: 19    Int: 16    God:
Gold:   29         SH:  0    Dex: 17    Spells: 6/9 levels left

rFire    . . .     SeeInvis +   a - +1 dagger
rCold    . . .     Gourm    .   (shield restricted)
rNeg     . . .     Faith    .   b - +0 robe
rPois    .         Spirit   .   (helmet restricted)
rElec    .         Reflect  .   (no cloak)
rCorr    .         Harm     .   (gloves unavailable)
MR       .....                  (boots unavailable)
Stlth    +++.......             (no amulet)
HPRegen  0.07/turn              (no ring)
MPRegen  0.12/turn              (no ring)

@: slowed, quick
A: very small, unfitting armour, see invisible, herbivore, speed 3, slow
metabolism 2
a: no special abilities


You were on level 2 of the Dungeon.
You were not hungry.

You visited 1 branch of the dungeon, and saw 2 of its levels.

You collected 29 gold pieces.

Inventory:

Hand Weapons
 a - a +1 dagger (weapon)
Armour
 b - a +0 robe (worn)
Scrolls
 f - a scroll of teleportation {unknown}
 g - a scroll of identify {unknown}
 j - a scroll of enchant weapon {unknown}
 n - a scroll of enchant armour {unknown}
Potions
 e - a potion of ambrosia {unknown}
 h - a potion of might {unknown}
 i - a potion of degeneration {unknown}
 k - 3 potions of curing {unknown}
 l - a potion of heal wounds {unknown}
 m - a potion of mutation {unknown}
Books
 c - a book of Maledictions

   Spells                             Type                      Level
   a - Corona                         Hexes                        1
   b - Ensorcelled Hibernation        Hexes/Ice                    2
   c - Confuse                        Hexes                        3
   d - Tukima's Dance                 Hexes                        3
   e - Dazzling Spray                 Conjuration/Hexes            3
Comestibles
 d - 4 rations


   Skills:
 + Level 1.9 Short Blades
 + Level 3.8 Dodging
 * Level 5.7 Stealth
 + Level 3.3 Spellcasting
 + Level 4.2 Hexes


You had 6 spell levels left.
You knew the following spells:

 Your Spells              Type           Power        Failure   Level  Hunger
a - Corona                Hex            ###....      3%          1    None
b - Ensorcelled Hibernat  Hex/Ice        #.....       12%         2    ##.....


Dungeon Overview and Level Annotations

Branches:
Dungeon (2/15)

Altars:
Wu Jian

Annotations:
D:2 Natasha


Innate Abilities, Weirdness & Mutations

You are very small and have problems with some larger weapons.
You are too small for most types of armour.
You have supernaturally acute eyesight. (SInv)
You are a herbivore.
You cover ground extremely quickly.
You need consume almost no food.


Message History

You feel troubled.
Natasha stares at you and mumbles some strange words.
You feel yourself slow down.
You hit Natasha.
Natasha is lightly wounded.
Natasha claws you!
You closely miss Natasha.
Natasha is lightly wounded.
Natasha barely misses you. Natasha claws you.
You barely miss Natasha.
Natasha is lightly wounded.
Natasha completely misses you.
You hit Natasha but do no damage.
Natasha is lightly wounded.
Natasha casts a spell at you.
You feel as though you will be slow longer.
You closely miss Natasha.
Natasha is lightly wounded.
Natasha barely misses you. Natasha claws you!
You die...

#.......#.#
##########.......#.######.
..................>......
#...........####..#####.###
#...........# #........#.# #
####.........#.# #...######.###.
.............#'####............#.
...#.######..........#########.#.
..........'....h@..............#.
...#.######........#.########....
####.# #........#.# #.### .....#
#........#.# #.# #.....
####.#.###.########.# #......
#................### .......#
###..##.#######....#
#......#########.......# #..###
#......................# ###..#


You could see Natasha.

Vanquished Creatures
  Natasha (D:2)
  An adder (D:2)
  An ooze (D:1)
  A dart slug (D:1)
  2 leopard geckos
  A ball python (D:1)
  2 bats
  7 goblins
  4 hobgoblins
  6 jackals (D:2)
  4 frilled lizards
  4 kobolds (D:1)
  A rat (D:1)
35 creatures vanquished.

Notes
Turn   | Place    | Note
-------+----------+-------------------------------------------
     0 | D:1      | prawnwizard the Spriggan Enchanter began the quest for the Orb.
     0 | D:1      | Reached XP level 1. HP: 9/9 MP: 5/5
   190 | D:1      | Reached XP level 2. HP: 13/13 MP: 6/6
   518 | D:1      | Learned a level 2 spell: Ensorcelled Hibernation
  1045 | D:1      | Reached skill level 5 in Stealth
  1391 | D:2      | Reached XP level 3. HP: 16/16 MP: 8/8
  1428 | D:2      | Found an ornate altar of the Wu Jian Council.
  2173 | D:2      | Noticed Natasha
  2177 | D:2      | Killed Natasha
  2177 | D:2      | Reached XP level 4. HP: 21/21 MP: 10/10
  2226 | D:2      | Noticed Natasha
  2235 | D:2      | Slain by Natasha

Skill      XL: |  1  2 |
---------------+-------+-----
Stealth        | 5 |  5.7
Spellcasting   | 3 |  3.3
Hexes          | 4 |  4.2
Short Blades   | |  1.9
Dodging        | |  3.8

Action                   |  1- 3 |  4- 6 || total
-------------------------+-------+-------++-------
Melee: Dagger            |   140 |     6 ||   146
 Cast: Ensorcelled Hiber |     5 |       ||     5
 Stab: Sleeping          |    17 |     1 ||    18
Armor: Robe              |    10 |       ||    10
Dodge: Dodged            |   123 |     3 ||   126
